Map: 2000 Atmospheres LE

Players

Serral

  • Race: Zerg Zerg

DPGrogue (Rogue) - Winner!

  • Race: Zerg Zerg

Event: TSL 8

VOD

Have the link to the VOD?

Description

Time

  • Played on: Dec. 12, 2021, 9:03 a.m.
  • Length: 10:07

All games in this series

Show
View Real Time Build Order
Export as new Build Order

Serral Zerg 

Build Orders: Hatch First 

Get SALT Encoding   

  12  0:00  Drone  
  13  0:12  Overlord  
  13  0:16  Drone  
  14  0:30  Drone x2  
  16  0:47  Hatchery  
  15  0:50  Drone  
  15  0:54  Drone  
  17  0:58  Drone  
  18  1:07  Extractor  
  17  1:13  Spawning Pool  
  17  1:15  Drone  
  17  1:19  Drone  
  18  1:27  Drone  
  19  1:38  Drone  
  20  1:49  Drone  
  21  2:00  Queen x2  
  26  2:01  Zergling x2, Overlord  
  26  2:10  Drone x2  
  26  2:12  Metabolic Boost  
  28  2:20  Drone  
  28  2:21  Drone  
  30  2:31  Zergling x2  
  30  2:32  Drone  
  30  2:36  Hatchery  
  31  2:42  Drone  
  32  2:46  Baneling Nest  
  32  2:48  Overlord  
  31  2:54  Drone  
  31  2:55  Drone  
  33  2:59  Queen  
  33  3:05  Drone  
  36  3:09  Drone  
  36  3:10  Drone x2  
  36  3:11  Zergling x2  
  40  3:13  Zergling x2  
  40  3:17  Overlord  
  41  3:20  Zergling x2  
  41  3:21  Drone  
  43  3:27  Zergling x2, Evolution Chamber  
  43  3:28  Drone  
  44  3:38  Drone x2  
  46  3:42  Drone  
  46  3:43  Drone x4  
  46  3:44  Drone  
  52  3:50  Overlord  
  52  3:52  Drone x2  
  54  3:55  Extractor  
  54  3:56  Zerg Missile Weapons Level 1  
  54  4:02  Drone  
  53  4:04  Roach Warren  
  53  4:05  Drone x2  
  54  4:11  Zergling x2  
  54  4:13  Drone x4  
  59  4:19  Lair  
  59  4:21  Overlord  
  59  4:23  Drone x2  
  61  4:26  Overlord  
  61  4:30  Overlord  
  60  4:34  Drone  
  60  4:35  Drone x2, Extractor  
  60  4:36  Extractor  
  60  4:38  Overlord  
  61  4:41  Drone  
  61  4:44  Overlord  
  62  4:48  Drone x2  
  62  4:52  Queen x2  
  68  5:02  Overlord  
  68  5:11  Roach x8  
  68  5:13  Baneling  
  84  5:19  Nydus Network  
  83  5:21  Drone x2  
  83  5:22  Extractor x2  
  83  5:23  Glial Reconstitution  
  83  5:30  Roach x3  
  83  5:35  Roach x2  
  93  5:40  Overlord  
  95  5:43  Baneling x3  
  95  5:44  Roach  
  97  5:55  Roach x4  
  105  6:05  Nydus Canal, Roach x3  
  105  6:10  Overlord  
  111  6:11  Drone x3  
  111  6:12  Drone, Extractor  
  111  6:13  Roach x3  
  111  6:15  Roach  
  118  6:22  Queen  
  118  6:23  Queen x2  
  122  6:31  Roach x3  
  127  6:36  Baneling x4  
  127  6:41  Nydus Canal  
  127  6:45  Overlord x4  
  127  6:48  Roach  
  127  6:54  Spore Crawler x2  
  127  6:55  Spore Crawler  
  127  6:58  Queen  
  126  7:03  Roach x5  
  126  7:08  Roach x3  
  137  7:11  Queen  
  137  7:15  Roach  
  136  7:18  Roach x2  
  134  7:24  Roach  
  134  7:29  Nydus Canal  
  126  7:47  Overlord  
  126  7:51  Nydus Canal  
  105  8:07  Queen  
  105  8:09  Queen x2  
  99  8:13  Roach  
  74  8:28  Roach  
  74  8:29  Roach  
  76  8:38  Spore Crawler  
  76  8:40  Roach  
  77  8:43  Queen  
  77  8:44  Queen, Roach  
  77  8:45  Queen  
Show
View Real Time Build Order
Export as new Build Order

DPGrogue Zerg - Winner!

Build Orders: Hatch First 

Get SALT Encoding   

  12  0:00  Drone  
  13  0:12  Overlord  
  13  0:17  Drone  
  14  0:31  Drone x2  
  16  0:48  Hatchery  
  15  0:50  Drone  
  15  0:54  Drone  
  17  0:57  Drone  
  18  1:08  Extractor  
  17  1:13  Spawning Pool  
  17  1:15  Drone  
  17  1:18  Drone  
  18  1:28  Drone  
  19  1:38  Drone  
  20  1:50  Drone  
  21  1:59  Queen  
  21  2:00  Zergling x2, Queen  
  26  2:02  Overlord  
  26  2:11  Drone x2, Metabolic Boost  
  28  2:21  Drone  
  28  2:22  Drone  
  30  2:32  Drone x2  
  32  2:37  Hatchery  
  32  2:43  Queen  
  33  2:49  Baneling Nest  
  32  2:52  Overlord  
  32  2:55  Drone  
  33  3:00  Zergling x2  
  33  3:01  Drone  
  33  3:05  Zergling x2  
  36  3:13  Drone x4  
  36  3:14  Drone  
  36  3:17  Drone  
  36  3:19  Drone  
  43  3:22  Evolution Chamber  
  42  3:27  Overlord  
  42  3:29  Zergling x2  
  42  3:33  Drone  
  44  3:35  Baneling  
  43  3:47  Drone x5  
  48  3:49  Zerg Melee Weapons Level 1  
  48  3:50  Drone  
  48  3:54  Drone  
  51  3:55  Drone x2  
  51  3:56  Drone  
  51  4:02  Extractor x2  
  51  4:05  Lair, Roach Warren  
  51  4:09  Drone x2  
  52  4:15  Overlord  
  52  4:16  Zergling x4, Extractor  
  53  4:18  Drone  
  53  4:21  Drone x2  
  53  4:23  Drone x2  
  58  4:28  Overlord  
  58  4:30  Overlord  
  58  4:35  Drone x3  
  58  4:36  Drone  
  62  4:43  Drone x4  
  66  4:48  Overlord  
  65  4:56  Extractor  
  65  4:57  Roach  
  65  4:58  Roach  
  65  4:59  Roach x2  
  72  5:03  Drone  
  72  5:04  Spire  
  73  5:07  Zergling x6, Extractor  
  73  5:13  Zergling x10  
  79  5:17  Zergling x2  
  79  5:19  Overlord  
  80  5:24  Overlord  
  80  5:26  Baneling  
  80  5:27  Zergling x2  
  80  5:32  Zergling x14  
  80  5:34  Baneling  
  87  5:39  Overlord  
  87  5:40  Drone  
  87  5:41  Drone  
  89  5:46  Overlord  
  89  6:08  Spine Crawler x3  
  85  6:15  Mutalisk x3  
  85  6:16  Mutalisk x5  
  101  6:20  Mutalisk  
  101  6:21  Mutalisk  
  101  6:26  Mutalisk  
  101  6:28  Mutalisk  
  106  6:37  Zergling x2  
  106  6:38  Zergling x18  
  116  6:42  Mutalisk  
  118  6:47  Mutalisk  
  118  6:48  Overlord  
  118  6:50  Overlord  
  118  6:53  Overlord  
  120  6:57  Overlord  
  120  7:06  Mutalisk  
  120  7:07  Mutalisk x2  
  122  7:10  Zergling x8  
  122  7:14  Mutalisk  
  125  7:24  Zerg Flyer Weapons Level 1, Mutalisk  
  125  7:28  Zergling x12  
  127  7:32  Mutalisk  
  127  7:35  Overlord  
  127  7:36  Mutalisk  
  128  7:41  Mutalisk  
  128  7:42  Zergling x4  
  132  7:48  Mutalisk  
  132  7:50  Zergling x2  
  123  7:57  Evolution Chamber  
  123  7:58  Mutalisk  
  112  8:00  Zergling x2  
  112  8:01  Zergling x10  
  115  8:06  Mutalisk x2  
  107  8:12  Zergling x2  
  107  8:13  Zergling x6  
  107  8:16  Mutalisk  
  108  8:23  Mutalisk  
  108  8:25  Zergling x6  
  109  8:30  Mutalisk  
  111  8:41  Mutalisk  
  111  8:43  Zergling x6  
  111  8:45  Queen  
Tags
 
Add a new tag
Caveats
  • Supply blocks, unpowered buildings, or Contaminate may cause inaccurate times.
  • Supply counts are checked every 10 seconds.